 Dungeon Crawl Stone Soup version 0.29.1-1-gd02db6906a (webtiles) character file.

Game seed: 16529104744379935902

9 Descartes the Scratcher (level 2, -1/12 HPs)
             Began as a Felid Transmuter on Sept 24, 2022.
             Slain by a jackal (3 damage)
             ... on level 1 of the Dungeon.
             The game lasted 00:00:36 (509 turns).

Descartes the Scratcher (Felid Transmuter)           Turns: 509, Time: 00:00:37

Health: -1/12      AC:  1    Str:  6    XL:     2   Next: 6%
Magic:  6/6        EV: 17    Int: 14    God:
Gold:   12         SH:  0    Dex: 16    Spells: 4/5 levels left
                                        Lives:  0   Deaths: 0

rFire   . . .      SeeInvis +     - Unarmed
rCold   . . .      Faith    .   (shield unavailable)
rNeg    . . .      Spirit   .   (body armour unavailable)
rPois   .          Reflect  .   (helmet unavailable)
rElec   .          Harm     .   (cloak unavailable)
rCorr   .          Rampage  .   (gloves unavailable)
Will    .....                   (boots unavailable)
Stlth   ++........              (no amulet)
HPRegen 0.04/turn               (no ring)
MPRegen 0.10/turn               (no ring)

@: appendages (expiring), quick
A: horns 2, very small, claws 1, fangs 3, see invisible, speed 1, shaggy fur 1,
stealthy paws, no weapons or thrown items, no armour, multi-lived
a: End Transformation


You were on level 1 of the Dungeon.
You had temporarily grown beastly horns.
You visited 1 branch of the dungeon, and saw 1 of its levels.

You collected 12 gold pieces.

Inventory:

Scrolls
 b - a scroll of enchant armour {unknown}
 c - a scroll of enchant weapon {unknown}
 e - a scroll of identify {unknown}
 f - a scroll of amnesia {unknown}
Potions
 a - a potion of lignification
 d - a potion of degeneration {unknown}


   Skills:
 + Level 1.1 Fighting
 * Level 3.0 Dodging
 * Level 1.2 Stealth
 * Level 3.1 Unarmed Combat
 - Level 2.0 Spellcasting
 + Level 2.3 Transmutations


You had 4 spell levels left.
You knew the following spells:

 Your Spells              Type           Power      Damage    Failure   Level
a - Beastly Appendage     Tmut           14%        N/A       10%         1

Your spell library contained the following spells:

 Spells                   Type           Power      Damage    Failure   Level
 Wereblood                Tmut           7%         N/A       14%         2
 Spider Form              Tmut/Pois      4%         N/A       41%         3
 Ice Form                 Ice/Tmut       4%         N/A       83%         4


Dungeon Overview and Level Annotations

Branches:
Dungeon (1/15)

Altars:


Innate Abilities, Weirdness & Mutations

You have temporarily grown beastly horns.
You have sharp claws.
You have razor-sharp teeth.
You have supernaturally acute eyesight. (SInv)
You cover ground quickly. (Speed+)
You are covered in fur. (AC +1)
Your paws help you pounce on unaware monsters.
You are incapable of wielding weapons or throwing items.
You cannot wear armour.
You gain extra lives every three experience levels.


Message History

You kill the ball python!
A jackal comes into view.
Found a scroll labelled GAAPPA YNOU.
The jackal barks! x3
You scratch the jackal but do no damage.
Your headbutt misses the jackal.
Your transformation is almost over.
The jackal misses you.
You scratch the jackal but do no damage.
You headbutt the jackal.
The jackal is heavily wounded.
You closely miss the jackal. The jackal closely misses you.
You closely miss the jackal.
The jackal is heavily wounded.
The jackal misses you. The jackal bites you. The jackal completely misses you.
You barely miss the jackal.
The jackal is heavily wounded.
The jackal closely misses you. The jackal bites you.
The jackal completely misses you.
You barely miss the jackal.
The jackal is heavily wounded.
The jackal closely misses you. The jackal bites you. x2
The jackal closely misses you. The jackal bites you. x2
* * * LOW HITPOINT WARNING * * *
You are too injured to fight recklessly!
You are too injured to fight recklessly!
You are too injured to fight recklessly!
You are too injured to fight recklessly!
You are too injured to fight recklessly!
You are too injured to fight recklessly!
You are too injured to fight recklessly!
You are too injured to fight recklessly!
You are too injured to fight recklessly!
You are too injured to fight recklessly!
You are too injured to fight recklessly!
You are too injured to fight recklessly!
You are too injured to fight recklessly!
You are too injured to fight recklessly!
The jackal attacks as you move away! The jackal bites you.
You die...

####.............
#......#######
####......# ##########
..........# #......?..
....(.....# #.........
..........# #.........
......##..# #.........
.......##.# #.hh......
.......# ...###.@h......
.###...# #.............
...'...# ####..........
####...# #..........
...#...########.########
##.#...##.......#
#.#...##.......#
#.######.......##
##'#### #........##


You could see 3 jackals.

Vanquished Creatures
  A giant cockroach (D:1)
  A hobgoblin (D:1)
  4 ball pythons (D:1)
  A frilled lizard (D:1)
  2 goblins (D:1)
  A rat (D:1)
10 creatures vanquished.

Notes
Turn   | Place    | Note
-------+----------+-------------------------------------------
     0 | D:1      | Descartes the Felid Transmuter began the quest for the Orb.
     0 | D:1      | Reached XP level 1. HP: 9/9 MP: 4/4
   343 | D:1      | Reached skill level 1 in Stealth
   344 | D:1      | Reached XP level 2. HP: 7/12 MP: 4/6
   509 | D:1      | Slain by a jackal

Illustrated notes

Levels and vault maps discovered:
D:1:      lemuel_arrival_behind_the_door_large, layout_basic

Skill      XL: |  1 |
---------------+----+-----
Dodging        | 3 |  3.0
Stealth        | 1 |  1.2
Fighting       | |  1.1
Unarmed Combat | |  3.1
Spellcasting   | |  2.0
Transmutations | |  2.3

Action                   || total
-------------------------++-------
Melee: Unarmed           ||    25
       Headbutt          ||     4
       Bite              ||     2
 Cast: Beastly Appendage ||     7
 Stab: Sleeping          ||     1
Dodge: Dodged            ||    23
